 Dungeon Crawl Stone Soup version 0.29-a0-266-gf56f883ddd (webtiles) character file.

Game seed: 11128924020130169481

130 oldriver the Shooter (level 5, -3/26 HPs)
             Began as a Vine Stalker Hunter on Mar 7, 2022.
             Slain by Menkaure (10 damage)
             ... on level 4 of the Dungeon.
             The game lasted 00:04:14 (2735 turns).

oldriver the Shooter (Vine Stalker Hunter)          Turns: 2735, Time: 00:04:15

Health: -3/26      AC: 11    Str: 15    XL:     5   Next: 14%
Magic:  0/6        EV: 11    Int: 11    God:
Gold:   150        SH:  0    Dex: 16    Spells: 4/4 levels left

rFire   . . .      SeeInvis .   a - +1 shortbow
rCold   . . .      Faith    .   (shield currently unavailable)
rNeg    . . .      Spirit   +   h - +3 ring mail of Exclusion {+Blink}
rPois   +          Reflect  .   (no helmet)
rElec   .          Harm     .   (no cloak)
rCorr   .          Rampage  .   (no gloves)
Will    .....                   o - +2 pair of boots of the Pit {rPois}
Stlth   ++........              (no amulet)
HPRegen 0.88/turn               (no ring)
MPRegen 0.10/turn               (no ring)

@: no status effects
A: fangs 2, regeneration 1, magic shield, antimagic bite, no potion heal 2
a: Evoke Blink


You were on level 4 of the Dungeon.
You visited 1 branch of the dungeon, and saw 4 of its levels.

You collected 150 gold pieces.

Inventory:

Hand Weapons
 a - a +1 shortbow (weapon)
Armour
 h - the +3 ring mail of Exclusion (worn) {+Blink}
   (You found it on level 3 of the Dungeon)

   +Blink:    It lets you blink.
 o - the +2 pair of boots of the Pit (worn) {rPois}
   (You found it on level 3 of the Dungeon)

   rPois:     It protects you from poison.
Jewellery
 n - a ring of poison resistance
Scrolls
 b - a scroll of amnesia {unknown}
 c - a scroll of immolation
 e - a scroll of silence {unknown}
 j - a scroll of identify
 l - a scroll of summoning {unknown}
 p - a scroll of fog {unknown}
Potions
 d - a potion of attraction {unknown}
 f - a potion of might {unknown}
 g - a potion of flight
 i - 2 potions of haste {unknown}
 k - a potion of mutation {unknown}
 m - a potion of heal wounds {unknown}


   Skills:
 + Level 2.0 Fighting
 * Level 5.0 Bows
 - Level 1.5 Dodging
 + Level 3.5 Stealth


You had 4 spell levels left.
You didn't know any spells.
Your spell library contained the following spells:

 Spells                   Type           Power      Damage    Failure   Level
 Freeze                   Ice            0%         1d3       56%         1
 Frozen Ramparts          Ice            0%         1d2       91%         3
 Animate Dead             Necr           0%         N/A       100%        4
 Hailstorm                Conj/Ice       0%         3d3       100%        4
 Summon Forest            Summ/Tloc      0%         N/A       100%        5
 Eringya's Noxious Bog    Tmut/Pois      0%         N/A       100%        6
 Haunt                    Necr/Summ      0%         N/A       100%        7
 Summon Hydra             Summ           0%         N/A       100%        7
 Borgnjor's Revivificati  Necr           0%         N/A       100%        8
 Infestation              Necr           0%         N/A       100%        8
 Necromutation            Tmut/Necr      0%         N/A       100%        8
 Death's Door             Necr           0%         N/A       100%        9


Dungeon Overview and Level Annotations

Branches:
Dungeon (4/15)
 Temple: D:4-7

Altars:
Makhleb
Okawaru

Shops:
D:1 =   D:3 :

Annotations:
D:3 1 runed translucent door, WindUpCitrus's ghost, amateur MiHu
D:4 Menkaure


Innate Abilities, Weirdness & Mutations

You have extremely sharp teeth.
Your natural rate of healing is unusually fast.
When hurt, damage is shared between your health and your magic reserves.
Your bite disrupts and absorbs the magic of your enemies.
Potions cannot restore your health.


Message History

The hound bites you but does no damage. The hound barely misses you.
You shoot an arrow. The arrow hits the hound.
You kill the hound!
Menkaure calls on the powers of darkness!
Your body is wracked with pain!
Your Fighting skill increases to level 2!
Your Bows skill increases to level 5!
You have reached level 5!
You shoot an arrow. The arrow hits Menkaure!
Menkaure is moderately damaged.
You shoot an arrow. The arrow hits Menkaure.
Menkaure is heavily damaged.
Menkaure hits you!
Ouch! That really hurt!
* * * LOW HITPOINT WARNING * * *
You are too injured to fight recklessly!
You are too injured to fight recklessly!
You are too injured to fight recklessly!
Shoot: a) +1 shortbow
Press: ? - help, Q - select action, (/) - cycle Shift-Dir - straight line, f/p - Menkaure
Aim: Menkaure (heavily damaged, 77% to hit)
You shoot an arrow. The arrow hits Menkaure.
Menkaure is severely damaged.
Menkaure calls on the powers of darkness!
Your body is wracked with pain!
* * * LOW HITPOINT WARNING * * *
Shoot: a) +1 shortbow
Press: ? - help, Q - select action, (/) - cycle Shift-Dir - straight line, f/p - Menkaure
Aim: Menkaure (severely damaged, 77% to hit)
You shoot an arrow.
The arrow hits Menkaure but does no damage.
Menkaure is severely damaged.
Menkaure closely misses you.
Shoot: a) +1 shortbow
Press: ? - help, Q - select action, (/) - cycle Shift-Dir - straight line, f/p - Menkaure
Aim: Menkaure (severely damaged, 77% to hit)
You shoot an arrow. The arrow hits Menkaure!
Menkaure is almost destroyed.
Menkaure hits you!
You die...

..............#
###..##....[..##+####
###..##..#...........
#........+...........
#........#...........
###'####.#...........
##..#.......#'##########
....#.......#...........
....#.......#...@.......
#####.......#####M###.##
#.....#### .# #...... ..
#...... ... #...... ....
..... ......


You could see Menkaure.

Vanquished Creatures
  A hound (D:4)
  5 adders
  An orc (D:3)
  8 bats
  6 endoplasms
  2 giant cockroaches (D:3)
  5 goblins
  3 hobgoblins
  6 quokkas
  8 ball pythons
  3 frilled lizards
  5 kobolds
  3 rats
56 creatures vanquished.

Notes
Turn   | Place    | Note
-------+----------+-------------------------------------------
     0 | D:1      | oldriver the Vine Stalker Hunter began the quest for the
                  | Orb.
     0 | D:1      | Reached XP level 1. HP: 11/11 MP: 2/2
   493 | D:1      | Reached XP level 2. HP: 15/15 MP: 3/3
   652 | D:1      | Reached skill level 4 in Bows
   738 | D:1      | Found Jygedgh's Jewellery Shoppe.
  1084 | D:2      | Reached XP level 3. HP: 18/18 MP: 4/4
  1144 | D:2      | Found a burning altar of Makhleb.
  1342 | D:2      | Gained mutation: Your natural rate of healing is unusually
                  | fast. [Vine Stalker growth]
  1342 | D:2      | Reached XP level 4. HP: 20/23 MP: 3/5
  1487 | D:2      | Found a faded altar of an unknown god.
  1695 | D:3      | Identified the +3 ring mail of Exclusion {+Blink}
  1804 | D:3      | Found a runed translucent door.
  1821 | D:3      | Noticed WindUpCitrus's ghost (amateur MiHu)
  1845 | D:3      | Found an iron altar of Okawaru.
  1988 | D:3      | Found Ukleo's Book Shoppe.
  2300 | D:3      | Identified the +2 pair of boots of the Pit {rPois}
  2725 | D:4      | Noticed Menkaure
  2731 | D:4      | Reached skill level 5 in Bows
  2731 | D:4      | Reached XP level 5. HP: 17/26 MP: 3/6
  2735 | D:4      | Slain by Menkaure

Illustrated notes

Levels and vault maps discovered:
D:1:      ncdulo_halloftheorcs, layout_basic, serial_shops, nicolae_square_shop,
          hex_medium
D:2:      layout_rooms, basic_altar, hellmonk_ecumenical_altar_inner_sanctum,
          serial_curves, eino_curves_03, eino_curves_03, eino_curves_04
D:3:      layout_basic, okawaru_metal_pillars_3, ebering_ghost_sewer_d,
          serial_shops, nicolae_shop_window_shopping, corner_web_ring
D:4:      layout_gridville, minmay_cut_off, uniq_menkaure

Skill      XL: |  1  2  3  4 |
---------------+-------------+-----
Stealth        | 2 3 |  3.5
Bows           | 4 5 |  5.0
Fighting       | 2 |  2.0
Dodging        | |  1.5

Action                   |  1- 3 |  4- 6 || total
-------------------------+-------+-------++-------
 Fire: Shortbow          |    68 |    68 ||   136
  Use: Scroll            |     3 |       ||     3
Armor: Leather armour    |     5 |       ||     5
       Ring mail         |       |    21 ||    21
Dodge: Dodged            |    14 |    25 ||    39

Table legend: (Time is in decaauts)
 A = Elapsed time spent in this place.
 B = Non-inter-level travel time spent in this place.
 C = Inter-level travel time spent in this place.
 D = Time resting spent in this place.
 E = Time spent auto-exploring this place.
 F = Levels seen in this place.
 G = Mean time per level.
                   A        B        C        D        E       F      G
               +--------+--------+--------+--------+--------+-----+--------+
         Total |   2783 |   2656 |    127 |    310 |   1920 |   4 |  695.8 |
       Dungeon |   2783 |   2656 |    127 |    310 |   1920 |   4 |  695.8 |
               +--------+--------+--------+--------+--------+-----+--------+

Top non-repeatable levels by time:
     D:1: 1075 daAuts
     D:3: 905 daAuts
     D:2: 611 daAuts
     D:4: 191 daAuts
